Cogmind - Beta 13 @@@ ROGUE MODE // 2024.04.04 @ 22:54:17 Player: Ciaphas Result: Self-destructed Performance ------------- Evolutions (0) 0 Regions Visited (4) 800 Robots Destroyed (6) 30 Value Destroyed (67) 67 Prototype IDs (1) 20 Alien Tech Used (0) 0 Bonus (0) 0 TOTAL SCORE: 917 Bonus ------- None Cogmind --------- Core Integrity 88/250 Matter 219/300 Energy 100/100 System Corruption 3% Temperature Cool (0) Movement Treading (160) Location -9/Mines Parts ------- > --- POWER (1) -------- (None) > --- PROPULSION (2) --- Light Treads > --- UTILITY (2) ------ Medium Storage Unit Thief Drone Bay (3/3) > --- WEAPON (2) ------- Light Assault Rifle > --- INVENTORY (10) --- Ion Engine Wheel Small Storage Unit Large Matter Pod (57) Signal Interpreter Improved Terrain Scanner Mining Laser Peak State ------------ > --- POWER ------------ Ion Engine > --- PROPULSION ------- Light Treads Light Treads > --- UTILITY ---------- Medium Storage Unit Thief Drone Bay > --- WEAPON ----------- Assault Rifle Assault Rifle > --- INVENTORY -------- Ion Engine Wheel Small Storage Unit Large Matter Pod Signal Interpreter Improved Terrain Scanner Light Assault Rifle Mining Laser [Rating: 14] Favorites ----------- Power Ion Engine Engine Ion Engine Propulsion Light Treads Treads Light Treads Leg Aluminum Leg Utility Small Storage Unit Device Thief Drone Bay Storage Small Storage Unit Weapon Assault Rifle Ballistic Gun Assault Rifle Build | -11 -10 -10 -10 -9 ------- Run | Yrd Mat Min Exi Min Slots Evolved . | . . . . . Power . | . . . . . Propulsion . | . . . . . Utility . | . . . . . Weapon . | . . . . . Parts Attached 8 | 4 1 1 1 1 Power . | . . . . . Engine . | . . . . . Core . | . . . . . Reactor . | . . . . . Propulsion 2 | 2 . . . . Treads 2 | 2 . . . . Leg . | . . . . . Wheel . | . . . . . Hover . | . . . . . Flight . | . . . . . Utility 3 | 1 . 1 1 . Device 2 | 1 . 1 . . Storage 1 | . . . 1 . Processor . | . . . . . Hackware . | . . . . . Protection . | . . . . . Artifact . | . . . . . Weapon 3 | 1 1 . . 1 Energy Gun . | . . . . . Energy Cannon . | . . . . . Ballistic Gun 3 | 1 1 . . 1 Ballistic Cannon . | . . . . . Launcher . | . . . . . Special Weapon . | . . . . . Impact Weapon . | . . . . . Slashing Weapon . | . . . . . Piercing Weapon . | . . . . . Special Melee Weapon . | . . . . . Unidentified Prototypes 1 | . . 1 . . Parts Lost 4 | . . . . 4 Power 1 | . . . . 1 Propulsion 1 | . . . . 1 Utility . | . . . . . Weapon 2 | . . . . 2 Highest Loss Streak 4 | . . . . 4 To Critical Strikes . | . . . . . Average Slot Usage (%) 98 | . 100 100 100 93 Engine 13 | . 14 14 14 11 Treads 27 | . 28 28 28 25 Device 14 | . 14 14 14 14 Storage 14 | . 14 14 14 14 Ballistic Gun 27 | . 28 28 28 25 Naked Turns . | . . . . . Heaviest Build 23 | 14 15 18 23 23 Greatest Support 40 | 40 40 40 40 40 Greatest Overweight (x) . | . . . . . Average Overweight (x) . | . . . . . Largest Inventory Capacity 10 | 8 8 8 10 10 Average Capacity 8 | 8 8 8 8 10 Most Carried 8 | 6 6 7 8 8 Average Carried 6 | 2 3 6 7 7 Final Capacity 10 | 8 8 8 10 10 Final Carried 8 | 2 6 7 8 7 Class Distribution -------------------- 100% | Mutant Dominant Class ---------------- Mutant | -10/Materials Mutant | -10/Mines Mutant | -10/Exiles Mutant | -9/Mines Resources | -11 -10 -10 -10 -9 ----------- Run | Yrd Mat Min Exi Min Matter Collected 393 | 256 85 . . 52 Remotely . | . . . . . Salvage Created 198 | 92 77 . . 29 Parts 10 | 4 6 . . . Haulers Intercepted . | . . . . . Recyclers Shooed 2 | 1 . . . 1 Parts Field Recycled . | . . . . . Retrieved Matter . | . . . . . Parts Self-Destructed . | . . . . . Prevented . | . . . . . Kills | -11 -10 -10 -10 -9 ------- Run | Yrd Mat Min Exi Min Combat Hostiles Destroyed 2 | . 1 . . 1 Guns 2 | . 1 . . 1 Classes Destroyed 5 | 2 3 . . . Worker 1 | . 1 . . . Builder 1 | . 1 . . . Tunneler 1 | 1 . . . . Recycler 1 | 1 . . . . Grunt 1 | . 1 . . . Best Kill Streak 2 | 2 2 . . 1 Combat Bots Only 1 | . 1 . . 1 Max Kills in Single Turn 1 | 1 1 . . 1 Gunslinging . | . . . . . Exploded . | . . . . . Melee . | . . . . . Uniques/NPCs Destroyed 1 | . . . . 1 YI-UF0 (-9/Mines) Combat | -11 -10 -10 -10 -9 -------- Run | Yrd Mat Min Exi Min Hostile Shots Fired 36 | . 18 . . 18 Missed 8 | . 1 . . 7 Damage Taken 756 | . 256 . . 500 Core 162 | . 83 . . 79 Absorbed by Shields . | . . . . . Core Remaining (%) 100 | 100 . . . . Volleys Fired 21 | 4 8 . . 9 Largest 2 | 2 2 . . 2 Hottest 40 | 40 40 . . 40 Shots Fired 37 | 8 16 . . 13 Gun 37 | 8 16 . . 13 Cannon . | . . . . . Launcher . | . . . . . Special . | . . . . . Kinetic 37 | 8 16 . . 13 Thermal . | . . . . . Explosive . | . . . . . Electromagnetic . | . . . . . Robot Hit Streak 8 | 5 8 . . 4 Robot Miss Streak 2 | 1 2 . . 1 Penetration Max . | . . . . . Secondary Targets . | . . . . . Shots Hit Robots 26 | 6 11 . . 9 Core Hits 12 | 2 4 . . 6 Critical Kills . | . . . . . Critical Parts Destroyed 1 | 1 . . . . Critical Strikes 1 | 1 . . . . Destroy 1 | 1 . . . . Melee Attacks . | . . . . . Impact . | . . . . . Slashing . | . . . . . Piercing . | . . . . . Sneak Attacks . | . . . . . Combat Hostiles . | . . . . . Follow-up Attacks . | . . . . . Damage Inflicted 304 | 69 139 . . 96 Guns 299 | 69 134 . . 96 Cannons . | . . . . . Explosions . | . . . . . Melee . | . . . . . Ramming 5 | . 5 . . . Kinetic 299 | 69 134 . . 96 Thermal . | . . . . . Explosive . | . . . . . Electromagnetic . | . . . . . Impact . | . . . . . Slashing . | . . . . . Piercing . | . . . . . Highest Corruption 3 | . 3 3 3 3 Average Corruption 2 | . 2 3 3 3 Corruption Purged . | . . . . . Corruption Blocked . | . . . . . Effects 17 | . 2 3 9 3 Message Errors 2 | . 1 . 1 . Matter Fused 9 | . 1 2 3 3 Energy Discharges 4 | . . 1 3 . Data Loss (minor) 1 | . . . 1 . Data Loss (major) 1 | . . . 1 . Overload Shots . | . . . . . Overflow Damage . | . . . . . Projectiles . | . . . . . Explosions . | . . . . . Melee . | . . . . . Knockbacks . | . . . . . Impact . | . . . . . Kinetic . | . . . . . Secondary . | . . . . . Self-Inflicted Damage . | . . . . . Shots . | . . . . . Rammed . | . . . . . Targets Rammed 1 | . 1 . . . Kicked . | . . . . . Crushed 1 | . 1 . . . Highest Temperature 6 | . 6 . . . Average Temperature 3 | . 3 . . . Received Heat Transfer 129 | . 129 . . . Siege Activations . | . . . . . Robots Corrupted . | . . . . . Combat Hostiles . | . . . . . Parts Fried . | . . . . . Impact Corruptions . | . . . . . Robots Melted . | . . . . . Combat Hostiles . | . . . . . Parts Melted . | . . . . . Heat Transferred . | . . . . . Parts Sabotaged . | . . . . . Parts Stolen . | . . . . . Parts Stripped . | . . . . . Power Chain Reactions . | . . . . . Alert | -11 -10 -10 -10 -9 ------- Run | Yrd Mat Min Exi Min Peak Influence 62 | 10 62 . . . Initial 6 | . 6 . . . Average 5 | 7 12 . . . Maximum Alert Level . | . . . . . Low Security (%) 100 | 100 100 100 . 100 Level 1 . | . . . . . Level 2 . | . . . . . Level 3 . | . . . . . Level 4 . | . . . . . Level 5 . | . . . . . High Security . | . . . . . Max Security . | . . . . . Squads Dispatched 1 | . 1 . . . Investigation . | . . . . . Extermination . | . . . . . Reinforcement 1 | . 1 . . . Assault . | . . . . . Garrison . | . . . . . Intercept . | . . . . . Searches Triggered . | . . . . . Construction Impeded . | . . . . . Haulers Reinforced . | . . . . . Active Scanning Responses . | . . . . . Cargo Convoy Interrupts . | . . . . . Stealth | -11 -10 -10 -10 -9 --------- Run | Yrd Mat Min Exi Min Distress Signals 1 | . 1 . . . Communications Jammed . | . . . . . Distress Signals . | . . . . . Times Spotted 7 | . 6 . . 1 Peak Tracking Total 4 | . 4 . . 1 Tactical Retreats 1 | . 1 . . . Traps | -11 -10 -10 -10 -9 ------- Run | Yrd Mat Min Exi Min Traps Triggered 3 | . 3 . . . Indirectly . | . . . . . Trap Hack Attempts . | . . . . . Triggered . | . . . . . Disarmed . | . . . . . Reprogrammed . | . . . . . Reused . | . . . . . Traps Extracted . | . . . . . Installed . | . . . . . Triggered . | . . . . . Machines | -11 -10 -10 -10 -9 ---------- Run | Yrd Mat Min Exi Min Machines Disabled . | . . . . . Max in Single Turn . | . . . . . Machines Repaired . | . . . . . Machines Dismantled . | . . . . . Machines Sabotaged . | . . . . . Overloaded Fab Kills . | . . . . . Hacking | -11 -10 -10 -10 -9 --------- Run | Yrd Mat Min Exi Min Machines Accessed 3 | . 1 1 1 . Terminals 1 | . 1 . . . Fabricators . | . . . . . Repair Stations . | . . . . . Recycling Units . | . . . . . Scanalyzers . | . . . . . Garrison Access . | . . . . . Total Hacks 8 | . 2 1 5 . Successful 7 | . 1 1 5 . Failed 1 | . 1 . . . Catastrophic . | . . . . . Database Lockouts . | . . . . . Manual 3 | . 1 . 2 . Terminals 2 | . 2 . . . Fabricators . | . . . . . Repair Stations . | . . . . . Recycling Units . | . . . . . Scanalyzers . | . . . . . Garrison Access . | . . . . . Terminal Hacks 6 | . . 1 5 . Record 5 | . . . 5 . Open Door 1 | . . 1 . . Fabricator Hacks . | . . . . . Repair Station Hacks . | . . . . . Recycling Unit Hacks . | . . . . . Scanalyzer . | . . . . . Garrison Access Hacks . | . . . . . Unauthorized Hacks 1 | . 1 . . . Terminals 1 | . 1 . . . Botnet 1 | . 1 . . . Fabricators . | . . . . . Repair Stations . | . . . . . Recycling Units . | . . . . . Scanalyzers . | . . . . . Garrison Access . | . . . . . Data Cores Recovered . | . . . . . Used . | . . . . . Hacking Detections 1 | . 1 . . . Full Trace Events . | . . . . . Feedback Events . | . . . . . Feedback Blocked . | . . . . . Robot Schematics Acquired . | . . . . . Robots Built . | . . . . . Authchips . | . . . . . Time . | . . . . . Total Robot Build Rating . | . . . . . Part Schematics Acquired . | . . . . . Parts Built . | . . . . . Authchips . | . . . . . Time . | . . . . . Total Part Build Rating . | . . . . . Parts Repaired . | . . . . . Time . | . . . . . Parts Recycled . | . . . . . Recycled Matter . | . . . . . Retrieved Matter . | . . . . . Retrieved Components . | . . . . . Parts Scanalyzed . | . . . . . Part Schematics Acquired . | . . . . . Parts Damaged . | . . . . . Bothacking | -11 -10 -10 -10 -9 ------------ Run | Yrd Mat Min Exi Min Used RIF Installer . | . . . . . Robots Hacked . | . . . . . Non-combat . | . . . . . Combat . | . . . . . Robot Hacks Applied . | . . . . . Relay Couplers Released . | . . . . . Fabnet Peak Effective % . | . . . . . Robots Rewired . | . . . . . Allies Hacked . | . . . . . Hacks Repelled . | . . . . . Allies | -11 -10 -10 -10 -9 -------- Run | Yrd Mat Min Exi Min Total Allies . | . . . . . Largest Group . | . . . . . Highest-Rated Group . | . . . . . Highest-Rated Ally . | . . . . . Total Orders 1 | . . . 1 . RETURN 1 | . . . 1 . Ally Attacks . | . . . . . Total Damage . | . . . . . Kills . | . . . . . Allies Corrupted . | . . . . . Allies Melted . | . . . . . Intel | -11 -10 -10 -10 -9 ------- Run | Yrd Mat Min Exi Min Robot Analysis Total . | . . . . . Derelict Logs Recovered 1 | . . . . 1 Drone Launches 3 | . . 3 . . Drone Recoveries 3 | . . . 3 . Exploration | -11 -10 -10 -10 -9 ------------- Run | Yrd Mat Min Exi Min Turns Passed 1498 | 50 406 251 526 265 Spaces Moved 875 | 19 227 156 321 152 Core . | . . . . . Treads 875 | 19 227 156 321 152 Legs . | . . . . . Wheels . | . . . . . Hover . | . . . . . Flight . | . . . . . Fastest Speed 160 | 160 160 160 160 160 Average Speed 160 | 160 160 160 160 160 Slowest Speed 160 | 160 160 160 160 160 Overloaded Moves . | . . . . . Propulsion Burnouts . | . . . . . Robots Hopped . | . . . . . Cave-ins Triggered . | . . . . . Exploration Rate (%) 38 | 3 36 31 71 50 Regions Visited 4 Branch Regions 3 Pre-discovered Areas 1 | . . . 1 . Known Exits Taken . | . . . . . Unknown Exits Taken 4 | 1 1 1 1 . Scrap Searched . | . . . . . Spaces Dug . | . . . . . Terrain Destroyed . | . . . . . Melee . | . . . . . Projectile . | . . . . . AOE . | . . . . . Terrain Rammed . | . . . . . Walls Destroyed . | . . . . . Machines Disabled . | . . . . . Actions | -11 -10 -10 -10 -9 --------- Run | Yrd Mat Min Exi Min Total 937 | 31 253 158 333 162 Wait 16 | 1 14 1 . . Move 871 | 18 226 155 320 152 Hop . | . . . . . Pick Up 3 | . 3 . . . Fast Attach 2 | 1 . 1 . . Attach 1 | . . . . 1 Detach 1 | . . 1 . . Swap 5 | 3 1 . 1 . Drop 4 | 4 . . . . Fire 21 | 4 8 . . 9 Melee . | . . . . . Ram . | . . . . . Kick . | . . . . . Crush 1 | . 1 . . . Escape Stasis . | . . . . . Rewire 12 | . . . 12 . Trap . | . . . . . Miscellaneous . | . . . . . Route ------- -11/Scrapyard -10/Materials (discovered 2 exits: [*Mat] / *Min) -10/Mines -10/Exiles -9/Mines History --------- Turn | Location | Event 19 | -11/Scrapyard | Discovered new exit (range 3) 51 | -11/Scrapyard | Entered Materials 222 | -10/Materials | Discovered new exit (range 16) 317 | -10/Materials | Build established: Mutant 423 | -10/Materials | Discovered new exit (range 7) 457 | -10/Materials | Entered Mines 566 | -10/Mines | Found the Drone Emporium 574 | -10/Mines | Found Prototype Device 574 | -10/Mines | Identified Thief Drone Bay 702 | -10/Mines | Deemed a non-threat by the Exiles lab entrance 702 | -10/Mines | Discovered new exit (range 5) 708 | -10/Mines | Entered Exiles 708 | -10/Exiles | Found Exiles lab destroyed 708 | -10/Exiles | Accompanied by 3 allies 1019 | -10/Exiles | Learned location of Zion (-7) 1216 | -10/Exiles | Discovered new exit (range 14) 1234 | -10/Exiles | Entered Mines 1425 | -9/Mines | Found a hidden stash of uninstalled traps 1456 | -9/Mines | Core integrity fell below 50% 1464 | -9/Mines | Destroyed YI-UF0 1488 | -9/Mines | Lost 4 parts (1p1n2w) 1499 | -9/Mines | Self-destructed Last Messages --------------- 01471_ U-05 Engineer builds a Wall. 01472_ The unstable cave ceiling collapses. 01472_ Acquired 29 matter. 01473_ The unstable cave ceiling collapses. 01474_ K-01 Serf collects debris. 01475_ U-05 Engineer lays Concrete. 01476_ U-05 Engineer builds a Wall. 01477_ The unstable cave ceiling collapses. 01477_ Acquired 19 matter. 01477_ K-01 Serf collects debris. 01479_ The unstable cave ceiling collapses. 01482_ U-05 Engineer lays Concrete. 01482_ K-01 Serf collects debris. 01483_ U-05 Engineer builds a Wall. 01486_ K-01 Serf collects debris. 01488_ The unstable cave ceiling collapses. 01489_ K-01 Serf collects debris. 01494_ The unstable cave ceiling collapses. 01494_ K-01 Serf collects debris. 01498_ Acquired 4 matter. Map ----- +----------------------------------------------------+ | ?????????????????????????????????????????????????? | | ?????????????????????????????????????????????????? | | ?????????????????????????????????????????????????? | | ?????????????????????????????????????????????????? | | ?????????????????????????????????????????????????? | | ?????????????????????????????????????????????????? | | ?????????????????????????????????????????????????? | | ?????????????????????????????????????????????????? | | ?????????????????????????????????????????????????? | | ?????????????????????????????????????????????????? | | ????????????????????????????? #??????????????????? | | ????????????????????????????? ##????????????????? | | ????????????????????????????? ##???????????????? | | ????????????????????????????? ##??????????????? | | ????????????????????????????? ???????????????? | | ???????????????????????????## ???????????????? | | ???????????????????????????# ????????????????? | | ???????????????????????????# ?????????????????? | | ?????????###??###?????????## ##????????????????? | | ????????? ?? #?????????# ##???????????????? | | ?????????# #?# #?????????# ####????????????? | | ?????????# #?# ##???????## # ?????????? | | ?????????# #?# ???????## r ????????????? | | ?????????# ### ##????### #???????????????? | | ?####???## ## ##???# = #????????????????? | | ## ##?## # #????#=@* #?????????????????? | | ### #????# #?????????????????? | | #?????### ##?????????????????? | | ## ##???????# #?????????????????? | | #### #????#######k #?????????????????? | | #### ##?## #?####### #?????????????????? | | ???######??# ##?# ##????????????????? | | ???????????# ##??# #### #### #???????????? | | ??????????## ##??????### # #???????????? | | ??????????# #### #???# ## #####?###???????? | | ??????????# #???# # # #?# ##??????? | | ??????????## #######???## #? #??????? | | ############ #?????????# ## ### #??????? | | #?????????# # #???????? | | ########### #?????????### #???????? | | ???????????# #??????????# #???????? | | ??????????## #??????????# #???????? | | ?????????## #????#####?# ###?????? | | ?????????# ###### ### # ##????? | | ?????????# ## ######## #????? | | ?????????## ##?????### ##????? | | ??????????# ##??????# # ###?????? | | ??????????# #??????## ## #???????? | | ?????###??# #???????# #??#???????? | | ????## ### ##??????# #??????????? | +----------------------------------------------------+ Best States ------------- Heat Dissipation 25 Energy Generation 10 Energy Capacity 250 Matter Stores 300 Matter Capacity 300 Sight Range 16 Terrain Scan Range 16 Terrain Scan Density 10 Evasion (%) 40 Recoil Reduction 2 Item Schematics ----------------- None Robot Schematics ------------------ None Fabricated ------------ Nothing Alien Tech Used ----------------- None Achievements -------------- None Challenges ------------ None Game ------ Seed RocketSlugDoublenader Manual? 0 Play Time 00:09:57 Cumulative 13.9 hours Start 2024.04.04 @ 22:45:21 End 2024.04.04 @ 22:54:17 Sessions 1 Manual Loads 0 Difficulty Rogue Special Mode None Game No. 21 Rogue 21 Adventurer 0 Explorer 0 Win Type - Total 0 Types 0/0/0/0/0/0/0/0/0 Lore% 21 Gallery% 18 Achievement% 26 Wizard Run 0 Options --------- Layout 0 ASCII 0 Keyboard 0 Movement Mouse Keybinds 0 Fullscreen 2 Font 24/Proggy Map View 76x50 Zoom Use 0% Tactical HUD 1 Map Filters NONE Filters NONE Steam 1 RUN: 85e41019-cd40-4fa2-a192-7177655a8853